 Dungeon Crawl Stone Soup version 0.30.0-29-ga12c61a403 (webtiles) character file.

Game seed: 11608177435532403772

3 Ijustatesigmund the Stinger (level 1, 0/11 HPs)
             Began as an Octopode Venom Mage on June 17, 2023.
             Slain by a goblin
             ... wielding a +0 club
              (4 damage)
             ... on level 1 of the Dungeon.
             The game lasted 00:00:30 (146 turns).

Ijustatesigmund the Stinger (Octopode Venom Mage)    Turns: 146, Time: 00:00:31

Health: 0/11       AC:  1    Str:  7    XL:     1   Next: 50%
Magic:  0/3        EV: 13    Int: 17    God:
Gold:   34         SH:  0    Dex: 12    Spells: 3/4 levels left

rFire   . . .        d - +0 whip
rCold   . . .        (no shield)
rNeg    . . .        (helmet restricted)
rPois   .            (no amulet)
rElec   .            (no ring)
rCorr   .            (no ring)
SInv    .            (no ring)
Will    .....        (no ring)
Stlth   +++          (no ring)
HPRegen 0.21/turn    (no ring)
MPRegen 0.08/turn    (no ring)
                     (no ring)

%: no passive effects
@: no status effects
A: almost no armour, amphibious, 8 rings, camouflage 1, gelatinous body 1,
(nimble swimmer 1), tentacles
a: no special abilities


You were on level 1 of the Dungeon.
You visited 1 branch of the dungeon, and saw 1 of its levels.

You collected 34 gold pieces.

Inventory:

Hand Weapons
 d - a +0 whip (weapon)
Scrolls
 c - a scroll of blinking {unknown}
 e - a scroll of butterflies {unknown}
Potions
 a - a potion of magic
 b - 2 potions of haste {unknown}
 f - a potion of degeneration {unknown}


   Skills:
 + Level 0.3 Fighting
 - Level 2.0 Dodging
 - Level 2.6 Stealth
 + Level 2.1 Spellcasting
 - Level 1.0 Transmutations
 + Level 3.7 Poison Magic


You had 3 spell levels left.
You knew the following spells:

 Your Spells              Type           Power      Damage    Failure   Level
a - Sting                 Tmut/Pois      36%        1d4       8%          1

Your spell library contained the following spells:

 Spells                   Type           Power      Damage    Failure   Level
 Poisonous Vapours        Pois/Air       16%        N/A       14%         2
 Mephitic Cloud           Conj/Pois/Air  6%         N/A       34%         3
 Olgreb's Toxic Radiance  Pois           14%        N/A       38%         4


Dungeon Overview and Level Annotations

Branches:
Dungeon (1/15)

Altars:


Innate Abilities, Weirdness & Mutations

You cannot wear most types of armour.
You are amphibious.
You can wear up to eight rings at the same time.
Your skin changes colour to match your surroundings (Stealth+).
Your rubbery body absorbs attacks. (AC +1, EV +1)
((You are camouflaged when in or above water. (Stealth+)))
You have tentacles for arms and can constrict up to eight enemies at once.


Message History

The sting misses the bat.
The bat misses you.
Casting: Sting (safe; 8% risk of failure)
Confirm with . or Enter, or press ? or * to list all spells.
Aiming: Sting (safe; 8% risk of failure)
Press: ? - help, Shift-Dir - straight line, f/p - bat
Aim: a bat (52% to hit)
The sting hits the bat.
The bat is poisoned.
You kill the bat!
Found 17 gold pieces.
You see here an amulet of reflection.
Casting: Sting (safe; 8% risk of failure)
Confirm with . or Enter, or press ? or * to list all spells.
You don't have enough magic to cast this spell.
A goblin comes into view. It is wielding a +0 club.
Casting: Sting (safe; 8% risk of failure)
Confirm with . or Enter, or press ? or * to list all spells.
You don't have enough magic to cast this spell.
Casting: Sting (safe; 8% risk of failure)
Confirm with . or Enter, or press ? or * to list all spells.
You don't have enough magic to cast this spell.
The goblin shouts!
The kobold shouts!
The kobold throws a stone.
The stone barely misses you. The kobold closely misses you.
You hit the kobold but do no damage. Your grab misses the kobold.
The kobold hits you with a +0 club.
You hit the kobold but do no damage. You grab the kobold.
You constrict the kobold, but do no damage.
The kobold hits you with a +0 club.
You are too injured to fight recklessly!
You are too injured to fight recklessly!
You are too injured to fight recklessly!
You are too injured to fight recklessly!
You are too injured to fight recklessly!
You are too injured to fight recklessly!
You are too injured to fight recklessly!
You closely miss the goblin. You grab the goblin.
You constrict the kobold, but do no damage.
You constrict the goblin, but do no damage.
The goblin hits you with a +0 club.
You die...

######..###.#..........#
...†..>.................
..#....######..........#
######..# #..........# #
##.## ##[........#
....#....".....##
###.............#
#..#.!.........
....#...@..)....
........gK.....#
###............#
#.............
##.$..........
#..#...##.### #...##.#
.# ###. .. #


You could see a goblin and a kobold.

Vanquished Creatures
  2 bats (D:1)
  A kobold (D:1)
  A rat (D:1)
4 creatures vanquished.

Notes
Turn   | Place    | Note
-------+----------+-------------------------------------------
     0 | D:1      | Ijustatesigmund the Octopode Venom Mage began the quest for
                  | the Orb.
     0 | D:1      | Reached XP level 1. HP: 11/11 MP: 3/3
   146 | D:1      | Slain by a goblin

Illustrated notes

Levels and vault maps discovered:
D:1:      dpeg_arrival_three_same_balls, layout_rooms

Action                     || total
---------------------------++-------
  Melee: Whip              ||     4
         Constrict         ||     2
   Cast: Sting             ||     6
 Armour: Skin              ||     1
  Dodge: Dodged            ||     4
